 Dungeon Crawl Stone Soup version 0.30-a0-738-g116ff8c4af (webtiles) character file.

Game seed: 17134740702551923493

627 IdlyInterested the Slasher (level 7, -13/56 HPs)
             Began as a Demonspawn Gladiator on Feb 2, 2023.
             Mangled by an ogre
             ... wielding a +0 giant spiked club
              (36 damage)
             ... on level 5 of the Dungeon on Feb 3, 2023.
             The game lasted 00:16:12 (4836 turns).

IdlyInterested the Slasher (Demonspawn Gladiator)   Turns: 4836, Time: 00:16:13

Health: -13/56     AC: 10    Str: 15    XL:     7   Next: 23%
Magic:  7/7        EV:  7    Int:  9    God:
Gold:   206        SH:  8    Dex: 16    Spells: 6/6 levels left

rFire   . . .      SeeInvis +    a - +1 long sword
rCold   . . .      Faith    .    (no shield)
rNeg    . . .      Spirit   .    w - +0 chain mail
rPois   .          Reflect  .    n - +0 helmet
rElec   .          Harm     .    k - scarf {+Inv}
rCorr   .          Rampage  .    (no gloves)
Will    .....                    p - +0 pair of boots Stlth
                                 (no amulet)
HPRegen 0.29/turn                i - ring of see invisible
MPRegen 0.10/turn                (no ring)

@: no status effects
A: large bone plates 3, spiny 1
a: Evoke Invisibility


You were on level 5 of the Dungeon.
You visited 1 branch of the dungeon, and saw 5 of its levels.

You collected 206 gold pieces.

Inventory:

Hand Weapons
 a - a +1 long sword (weapon)
 u - the +9 mace of Cuubud {flame, *Corrode rF+++ Str+5}
   (You found it on level 3 of the Dungeon)

   Str:       It affects your strength (+5).
   rF:        It renders you almost immune to fire.
   *Corrode:  It may corrode you when you take damage.
 D - a +0 falchion
Missiles
 d - 4 throwing nets
 e - 3 javelins
 g - 2 boomerangs
 h - 37 stones (quivered)
Armour
 k - a scarf of invisibility (worn)
 n - a +0 helmet (worn)
 p - a +0 pair of boots (worn)
 w - a +0 chain mail (worn)
Magical Staves
 c - a staff of air
 y - a staff of earth
Jewellery
 i - a ring of see invisible (left hand)
Wands
 x - a wand of iceblast (13)
Scrolls
 l - a scroll of noise {unknown}
 m - a scroll of silence
 q - 2 scrolls of poison
 s - a scroll of enchant weapon
Potions
 b - a potion of attraction
 f - a potion of invisibility
 j - 4 potions of brilliance
 o - 6 potions of curing
 r - 3 potions of flight
 t - 2 potions of lignification
 v - 2 potions of haste
 z - a potion of magic {unknown}
 A - 2 potions of heal wounds {unknown}
 B - 2 potions of might {unknown}
 C - a potion of mutation {unknown}


   Skills:
 * Level 5.3 Fighting
 * Level 5.3 Long Blades
 - Level 2.0 Throwing
 - Level 2.0 Armour
 - Level 3.0 Dodging
 + Level 1.0 Evocations


You had 6 spell levels left.
You didn't know any spells.
Your spell library contained the following spells:

 Spells                   Type           Power      Damage    Failure   Level
 Inner Flame              Hex/Fire       0%         N/A       100%        3
 Cause Fear               Hex            0%         N/A       100%        4
 Discord                  Hex            0%         N/A       100%        8


Dungeon Overview and Level Annotations

Branches:
Dungeon (5/15)             Temple (0/1) D:5

Altars:
Hepliaklqana
Yredelemnul

Shops:
D:3 [


Innate Abilities, Weirdness & Mutations

You are completely covered in large bone plates. (SH +8)
You are partially covered in sharp spines.


Message History

You slide downwards.
The hatch slams shut behind you.
The orc shouts!
Found 11 gold pieces and a scroll labelled KYOLAL XUICVING.
Found a staircase to the Ecumenical Temple.
You see here 11 gold pieces.
You now have 206 gold pieces (gained 11).
An ogre comes into view. It is wielding a +0 giant spiked club.
The ogre shouts!
You hear a shout!
You slash the orc!
You kill the orc!
Found a book of Spatial Translocations.
Throw: 40 stones
Press: ? - help, Q - select action, (/) - cycle Shift-Dir - straight line, f - ogre
Aim: an ogre, wielding a +0 giant spiked club (77% to hit)
You throw a stone. The stone hits the ogre.
The ogre is lightly wounded.
Throw: 39 stones
Press: ? - help, Q - select action, (/) - cycle Shift-Dir - straight line, f/p - ogre
Aim: an ogre, wielding a +0 giant spiked club (lightly wounded, 77% to hit)
You throw a stone. The stone hits the ogre.
The ogre is lightly wounded.
Throw: 38 stones
Press: ? - help, Q - select action, (/) - cycle Shift-Dir - straight line, f/p - ogre
Aim: an ogre, wielding a +0 giant spiked club (lightly wounded, 77% to hit)
You throw a stone. The stone hits the ogre.
The ogre is moderately wounded.
You barely miss the ogre.
The ogre is moderately wounded.
The ogre is struck by your spines.
The ogre hits you with a +0 giant spiked club!
You hit the ogre.
The ogre is heavily wounded.
You barely miss the ogre.
The ogre is heavily wounded.
The ogre hits you with a +0 giant spiked club!!
You barely miss the ogre.
The ogre is heavily wounded.
The ogre hits you with a +0 giant spiked club!!!
Ouch! That really hurt!
You die...

##.....#.##
#.........# :
#......#.#.###...
'...............
#.....#.⌠.#..... #
#...#.......#....#
.#.?.⌠O>.⌠...#..#
...#..)@...#....#
#...#.⌠.#.....#
#.#.......###.
#....#.#..#
###.......#
#....#...# ##
#.......... #.
##...##.#### #.
..#.# #.#


You could see an ogre.

Vanquished Creatures
  An ogre (D:5)
  A scorpion (D:4)
  3 hounds
  A gnoll bouda (D:4)
  An orc priest (D:4)
  Jessica (D:3)
  Terence (D:3)
  An orc wizard (D:4)
  Natasha (thrice) (D:3)
  4 gnolls (D:4)
  5 adders
  An ufetubus (D:4)
  A worm (D:4)
  2 dart slugs
  8 orcs
  9 ball pythons
  4 bats
  6 endoplasms
  2 giant cockroaches
  8 goblins
  9 hobgoblins
  10 jackals
  2 quokkas
  3 frilled lizards
  4 kobolds
  6 rats
97 creatures vanquished.

Notes
Turn   | Place    | Note
-------+----------+-------------------------------------------
     0 | D:1      | IdlyInterested the Demonspawn Gladiator began the quest for
                  | the Orb.
     0 | D:1      | Reached XP level 1. HP: 16/16 MP: 1/1
    67 | D:1      | Gained mutation: You are partially covered in large bone
                  | plates. (SH +4) [demonic ancestry]
    67 | D:1      | Reached XP level 2. HP: 22/23 MP: 2/2
   747 | D:1      | Gained mutation: You are mostly covered in large bone
                  | plates. (SH +6) [demonic ancestry]
   747 | D:1      | Reached XP level 3. HP: 23/28 MP: 3/3
  1352 | D:2      | Reached skill level 1 in Armour
  1891 | D:2      | Reached XP level 4. HP: 35/35 MP: 4/4
  2193 | D:2      | Upgraded the game from 0.30-a0-737-gf23d94013f to
                  | 0.30-a0-738-g116ff8c4af
  2253 | D:3      | Found Enicepsi's Antique Armour Boutique.
  2277 | D:3      | Identified the +9 mace of Cuubud {flame, *Corrode rF+++
                  | Str+5}
  2486 | D:3      | Noticed Natasha
  2495 | D:3      | Killed Natasha
  2583 | D:3      | Noticed Terence
  2599 | D:3      | Killed Terence
  2600 | D:3      | Gained mutation: You are partially covered in sharp spines.
                  | [demonic ancestry]
  2600 | D:3      | Reached XP level 5. HP: 34/41 MP: 5/5
  2629 | D:3      | Found a basalt altar of Yredelemnul.
  2718 | D:3      | Noticed Natasha
  2724 | D:3      | Killed Natasha
  2732 | D:3      | Found a hazy altar of Hepliaklqana.
  2736 | D:3      | Noticed Jessica
  2742 | D:3      | Killed Jessica
  2777 | D:3      | Noticed Natasha
  2784 | D:3      | Killed Natasha
  3238 | D:4      | Gained mutation: You are completely covered in large bone
                  | plates. (SH +8) [demonic ancestry]
  3238 | D:4      | Reached XP level 6. HP: 47/48 MP: 6/6
  3836 | D:4      | Reached skill level 5 in Long Blades
  4239 | D:4      | Reached skill level 5 in Fighting
  4679 | D:5      | Entered Level 5 of the Dungeon
  4714 | D:5      | Reached XP level 7. HP: 29/56 MP: 7/7
  4748 | D:5      | Reached skill level 1 in Evocations
  4822 | D:5      | Found a staircase to the Ecumenical Temple.
  4836 | D:5      | Mangled by an ogre

Illustrated notes

Levels and vault maps discovered:
D:1:      psy_arrival_radial01, layout_basic
D:2:      layout_basic, lemuel_flame_loot_1
D:3:      layout_loops_ring, mainiacjoe_overflow_six_doors_small,
          mainiacjoe_overflow_brackets, serial_shops, shop, uniq_natasha,
          uniq_jessica, uniq_terence
D:4:      layout_layer_cave
D:5:      layout_loops_corners, mainiacjoe_overflow_small_starburst,
          minmay_temple_entry_sparse_star, minmay_strange_pillars,
          uniq_eustachio, uniq_pikel

Skill      XL: |  1  2  3  4  5  6  7 |
---------------+----------------------+-----
Long Blades    | 3 4 5 |  5.3
Armour         | 1 2 |  2.0
Fighting       | 3 4 5 |  5.3
Dodging        | 3 |  3.0
Throwing       | 2 |  2.0
Evocations     | 1 |  1.0

Action                     |  1- 3 |  4- 6 |  7- 9 || total
---------------------------+-------+-------+-------++-------
  Melee: Long sword        |   104 |   152 |     8 ||   264
         Punch             |     1 |     2 |       ||     3
  Throw: Stone             |       |     4 |     3 ||     7
    Use: Scroll            |     4 |     7 |       ||    11
 Armour: Leather armour    |    10 |       |       ||    10
         Scale mail        |    26 |    22 |       ||    48
         Chain mail        |       |    41 |     1 ||    42
  Dodge: Dodged            |    62 |    56 |     1 ||   119
  Block: Other             |    22 |    58 |     1 ||    81

Table legend: (Time is in decaauts)
 A = Elapsed time spent in this place.
 B = Non-inter-level travel time spent in this place.
 C = Inter-level travel time spent in this place.
 D = Time resting spent in this place.
 E = Time spent auto-exploring this place.
 F = Levels seen in this place.
 G = Mean time per level.
                   A        B        C        D        E       F      G
               +--------+--------+--------+--------+--------+-----+--------+
         Total |   4892 |   4047 |    845 |    277 |   2638 |   5 |  978.4 |
       Dungeon |   4892 |   4047 |    845 |    277 |   2638 |   5 |  978.4 |
               +--------+--------+--------+--------+--------+-----+--------+

Top non-repeatable levels by time:
     D:4: 1376 daAuts
     D:1: 1270 daAuts
     D:2: 1239 daAuts
     D:3: 925 daAuts
     D:5: 80 daAuts
